 Dungeon Crawl Stone Soup version 0.25.0-9-g26727b657a (webtiles) character file.

Game seed: 18126116026421235314

114 xccam the Chopper (level 5, -1/41 HPs)
             Began as a Formicid Fighter on June 18, 2020.
             Slain by a gnoll
             ... wielding a +0 halberd
              (5 damage)
             ... on level 2 of the Dungeon.
             The game lasted 00:02:21 (1348 turns).

xccam the Chopper (Formicid Fighter)                Turns: 1348, Time: 00:02:22

Health: -1/41      AC:  6    Str: 21    XL:     5   Next: 18%
Magic:  5/5        EV:  7    Int:  8    God:
Gold:   112        SH:  9    Dex: 10    Spells: 4/4 levels left

rFire    + . .     SeeInvis +   a - +0 war axe
rCold    . . .     Gourm    .   c - +0 kite shield
rNeg     . . .     Faith    .   b - +0 scale mail
rPois    .         Spirit   .   (helmet unavailable)
rElec    .         Reflect  .   (no cloak)
rCorr    .         Harm     .   (no gloves)
MR       .....                  (no boots)
Stlth    ..........             (no amulet)
HPRegen  0.13/turn              e - ring of protection from fire
MPRegen  0.09/turn              (no ring)

@: mighty
A: permanent stasis, dig shafts and tunnels, four strong arms, antennae 3
a: Dig, Shaft Self


You were on level 2 of the Dungeon.
You were not hungry.

You visited 1 branch of the dungeon, and saw 2 of its levels.

You collected 112 gold pieces.

Inventory:

Hand Weapons
 a - a +0 war axe (weapon)
Armour
 b - a +0 scale mail (worn)
 c - a +0 kite shield (worn)
Jewellery
 e - a ring of protection from fire (left hand)
Scrolls
 j - 3 scrolls of teleportation {unknown}
 k - a scroll of blinking {unknown}
 m - 2 scrolls of enchant weapon {unknown}
Potions
 h - a potion of heal wounds {unknown}
 i - a potion of mutation {unknown}
 l - a potion of cancellation {unknown}
 n - 2 potions of curing {unknown}
Comestibles
 f - 2 rations


   Skills:
 - Level 3.2 Fighting
 + Level 5.0 Axes
 - Level 3.2 Armour
 - Level 3.6 Shields


You had 4 spell levels left.
You didn't know any spells.
Your spell library contained the following spells:

 Spells                   Type           Power        Failure   Level  Hunger
 Corona                   Hex            #......      98%         1    ##.....
 Slow                     Hex            #.......     99%         2    ###....
 Inner Flame              Hex/Fire       #.......     100%        3    ####...
 Portal Projectile        Hex/Tloc       #.....       100%        3    ####...
 Cause Fear               Hex            #.........   100%        4    #####..
 Leda's Liquefaction      Hex/Erth       #.........   100%        4    #####..


Dungeon Overview and Level Annotations

Branches:
Dungeon (2/15)

Altars:
Makhleb
Xom
Zin


Innate Abilities, Weirdness & Mutations

You cannot be hasted, slowed, berserked, paralysed or teleported.
You can dig through walls and to a lower floor.
Your four strong arms can wield two-handed weapons with a shield.
You have a pair of large antennae on your head. (SInv)


Message History

You block the gnoll's attack.
You closely miss the gnoll.
The gnoll is heavily wounded.
The gnoll hits you with a cursed -1 flail.
You feel very mighty all of a sudden. The gnoll completely misses you.
You slash the gnoll!
You kill the gnoll!
Your Axes skill increases to level 5!
You barely miss the gnoll. The gnoll barely misses you.
The gnoll hits you from afar with a +0 halberd!
You barely miss the gnoll. The gnoll barely misses you.
You block the gnoll's attack.
You closely miss the gnoll.
The gnoll hits you from afar with a +0 halberd!
* * * LOW HITPOINT WARNING * * *
You block the gnoll's attack. You block the gnoll's attack.
The gnoll hits you from afar with a +0 halberd.
You die...

..... #(#... #...# #.# #.)
#..... ... #.## #..# ####.#
###'### #.#.. ... ##'#
###.....### #.#.# #.# ##...
#A#_..._#2# #.#.###.# ##....
###.....### #.#.##..# ##.....
###g#########.......####).((..
#.(.# #..gg.@.........'......
#...# #.###g.......####......
###..###.# #.##.##.## ##.....
#...gg.g.# #.##..#.# ##....
#.######.# #.###.#.# ##... #.
#.# #.# #.#.# ##+# # ..#
#.###.#.# #.# #.......# ..#
#####.###


You could see 3 gnolls.

Vanquished Creatures
  Natasha (D:2)
  A gnoll (D:2)
  3 adders (D:2)
  An ooze (D:2)
  A dart slug (D:1)
  A leopard gecko (D:2)
  A ball python (D:2)
  4 giant cockroaches (D:1)
  3 goblins
  A hobgoblin (D:1)
  6 jackals
  6 kobolds
  8 bats
  3 frilled lizards
  8 rats
48 creatures vanquished.

Notes
Turn   | Place    | Note
-------+----------+-------------------------------------------
     0 | D:1      | xccam the Formicid Fighter began the quest for the Orb.
     0 | D:1      | Reached XP level 1. HP: 18/18 MP: 1/1
   172 | D:1      | Reached XP level 2. HP: 23/24 MP: 2/2
   376 | D:1      | Reached skill level 3 in Axes
   382 | D:1      | Reached XP level 3. HP: 29/29 MP: 3/3
   856 | D:2      | Reached skill level 4 in Axes
   856 | D:2      | Reached XP level 4. HP: 30/35 MP: 4/4
  1111 | D:2      | Found a shimmering altar of Xom.
  1168 | D:2      | Noticed Natasha
  1178 | D:2      | Killed Natasha
  1178 | D:2      | Reached XP level 5. HP: 31/41 MP: 5/5
  1304 | D:2      | Found a glowing silver altar of Zin.
  1310 | D:2      | Noticed an angel
  1312 | D:2      | Found a burning altar of Makhleb.
  1312 | D:2      | Noticed a green death
  1343 | D:2      | Reached skill level 5 in Axes
  1348 | D:2      | Slain by a gnoll

Illustrated notes

Levels and vault maps discovered:
D:1:      dpeg_arrival_central, layout_basic, chequers_serial_rivers_small_a,
          minmay_rat_gold_closets
D:2:      layout_loops_corners, grunt_temple_overflow_order_and_chaos_2,
          overflow_temple_1_default, lemuel_doored_altar, first_ration,
          uniq_natasha

Skill      XL: |  1  2  3  4  5 |
---------------+----------------+-----
Axes           | 3 4 5 |  5.0
Fighting       | |  3.2
Armour         | |  3.2
Shields        | |  3.6

Action                   |  1- 3 |  4- 6 || total
-------------------------+-------+-------++-------
Melee: War axe           |    82 |    49 ||   131
  Use: Potion            |       |     1 ||     1
  Eat: Chunk             |       |     2 ||     2
Armor: Scale mail        |    56 |    35 ||    91
Dodge: Dodged            |    33 |    28 ||    61
Block: Kite shield       |    65 |    40 ||   105
